 Dungeon Crawl Stone Soup version 0.30-a0-626-gd6a5dd7a1f (webtiles) character file.

Game seed: 6544253243804779484

179 Chaicat the Covered (level 5, -5/47 HPs)
             Began as a Minotaur Fighter on Jan 11, 2023.
             Slain by an orc warrior
             ... wielding a +0 battleaxe
              (11 damage)
             ... on level 4 of the Dungeon.
             The game lasted 00:07:43 (2399 turns).

Chaicat the Covered (Minotaur Fighter)              Turns: 2399, Time: 00:07:44

Health: -5/47      AC: 12    Str: 23    XL:     5   Next: 33%
Magic:  4/4        EV:  6    Int:  5    God:
Gold:   122        SH:  4    Dex:  9    Spells: 4/4 levels left

rFire   . . .      SeeInvis .    a - +1 war axe
rCold   . . .      Faith    .    c - +0 buckler
rNeg    . . .      Spirit   .    j - +0 plate armour
rPois   +          Reflect  .    (helmet restricted)
rElec   .          Harm     .    (no cloak)
rCorr   .          Rampage  .    (no gloves)
Will    .....                    (no boots) Stlth
                                 (no amulet)
HPRegen 0.27/turn                b - ring of poison resistance
MPRegen 0.09/turn                (no ring)

@: no status effects
A: horns 2, retaliatory headbutt
a: no special abilities


You were on level 4 of the Dungeon.
You visited 1 branch of the dungeon, and saw 4 of its levels.

You collected 212 gold pieces.
You spent 90 gold pieces at shops.

Inventory:

Hand Weapons
 a - a +1 war axe (weapon)
Armour
 c - a +0 buckler (worn)
 j - a +0 plate armour (worn)
Jewellery
 b - a ring of poison resistance (left hand)
 g - an amulet of faith
Scrolls
 f - a scroll of noise {unknown}
 h - a scroll of poison
Potions
 d - 3 potions of might
 e - 3 potions of curing


   Skills:
 + Level 4.8 Fighting
 + Level 3.9 Axes
 + Level 4.8 Armour
 + Level 4.8 Shields


You had 4 spell levels left.
You didn't know any spells.
Your spell library was empty.

Dungeon Overview and Level Annotations

Branches:
Dungeon (4/15)
 Temple: D:4-7

Altars:
Zin


Innate Abilities, Weirdness & Mutations

You have a pair of horns on your head.
You reflexively headbutt those who attack you in melee.


Message History

You block the orc's attack. The orc hits you but does no damage.
You slash the orc!
You kill the orc!
No target in view!
No target in view!
No target in view!
No target in view!
No target in view!
HP restored.
You now have 122 gold pieces (gained 14).
Found a stone staircase leading up.
No target in view!
d - 3 potions of might (gained 1)
A ball python comes into view.
The ball python hisses angrily.
The ball python closely misses you. The ball python barely misses you.
You hit the ball python.
You kill the ball python!
No target in view!
Found an escape hatch in the floor.
You see here a ball python corpse.
No target in view!
An orc warrior and an orc priest come into view.
The orc warrior shouts!
The orc priest shouts!
You hear a shout!
An orc priest comes into view. It is wielding a +0 short sword.
You slash the orc warrior!
The orc warrior is moderately wounded.
The orc warrior hits you with a +0 battleaxe.
You hit the orc warrior.
The orc warrior is heavily wounded.
The orc priest begins to cast a cantrip, but forgets the words!
The orc warrior hits you with a +0 battleaxe!
You hit the orc warrior.
The orc warrior is severely wounded.
The orc priest mumbles some strange prayers to Beogh against you.
Beogh smites you!
The orc warrior hits you with a +0 battleaxe!
* * * LOW HITPOINT WARNING * * *
The orc warrior hits you with a +0 battleaxe!
You die...

....
##.###....#
###.#####.....#
. #.......###
....####.## ###
#. #.# #.. #.##
#o# #..# #o#
##.## #o#
#..###@#
##..†..#
####.## #.# #.#
... ... ....>
.....


You could see an orc warrior and 2 orc priests.

Vanquished Creatures
  A hound (D:3)
  4 adders
  2 dart slugs
  18 orcs
  4 endoplasms
  6 giant cockroaches
  6 hobgoblins
  14 kobolds
  2 quokkas (D:1)
  8 ball pythons
  6 bats
  5 frilled lizards
  5 goblins
  5 rats
86 creatures vanquished.

Vanquished Creatures (others)
  2 plants (D:3)
2 creatures vanquished.

Grand Total: 88 creatures vanquished

Notes
Turn   | Place    | Note
-------+----------+-------------------------------------------
     0 | D:1      | Chaicat the Minotaur Fighter began the quest for the Orb.
     0 | D:1      | Reached XP level 1. HP: 19/19 MP: 0/0
   145 | D:1      | Reached XP level 2. HP: 25/27 MP: 1/1
   244 | D:1      | Found a faded altar of an unknown god.
   658 | D:2      | Reached XP level 3. HP: 32/33 MP: 2/2
  1343 | D:3      | Reached XP level 4. HP: 40/40 MP: 3/3
  1469 | D:3      | Found Zin's Purification Station.
  1472 | D:3      | Found a glowing silver altar of Zin.
  1493 | D:3      | Bought a potion of curing for 90 gold pieces
  1960 | D:3      | Reached XP level 5. HP: 37/47 MP: 4/4
  2395 | D:4      | Noticed an orc warrior
  2399 | D:4      | Slain by an orc warrior

Illustrated notes

Levels and vault maps discovered:
D:1:      enne_arrival_octagon_isle, layout_basic,
          shapermc_ecumenical_altar_acropolis, st_stairs_8
D:2:      layout_basic, guppyfry_early_orc_mine
D:3:      minmay_diamond_boxcup, layout_loops_ring, zin_purify, st_stairs_7,
          serial_bayou_pond_d, corexii_shack
D:4:      layout_rooms, nemelex_dance_club_becter

Skill      XL: |  1  2 |
---------------+-------+-----
Armour         | 4 |  4.8
Shields        | 4 |  4.8
Fighting       | 4 |  4.8
Axes           | 3 |  3.9

Action                   |  1- 3 |  4- 6 || total
-------------------------+-------+-------++-------
Melee: War axe           |    99 |    79 ||   178
       Headbutt          |     9 |     6 ||    15
  Use: Scroll            |     3 |     2 ||     5
 Stab: Distracted        |       |     1 ||     1
Armor: Scale mail        |    23 |       ||    23
       Chain mail        |    42 |     2 ||    44
       Plate armour      |       |    48 ||    48
Dodge: Dodged            |    31 |    28 ||    59
Block: Buckler           |    23 |    16 ||    39

Table legend: (Time is in decaauts)
 A = Elapsed time spent in this place.
 B = Non-inter-level travel time spent in this place.
 C = Inter-level travel time spent in this place.
 D = Time resting spent in this place.
 E = Time spent auto-exploring this place.
 F = Levels seen in this place.
 G = Mean time per level.
                   A        B        C        D        E       F      G
               +--------+--------+--------+--------+--------+-----+--------+
         Total |   2467 |   2395 |     72 |    100 |   1558 |   4 |  616.8 |
       Dungeon |   2467 |   2395 |     72 |    100 |   1558 |   4 |  616.8 |
               +--------+--------+--------+--------+--------+-----+--------+

Top non-repeatable levels by time:
     D:3: 991 daAuts
     D:2: 711 daAuts
     D:1: 630 daAuts
     D:4: 134 daAuts
